 Dungeon Crawl Stone Soup version 0.19.1 (webtiles) character file.

360 Host24 the Ducker (level 6, 0/40 HPs)
             Began as a Kobold Hunter on Dec 31, 2016.
             Killed from afar by an orc wizard (5 damage)
             ... with a puff of flame
             ... on level 4 of the Dungeon.
             The game lasted 00:04:31 (2515 turns).

Host24 the Ducker (Kobold Hunter)                   Turns: 2515, Time: 00:04:32

Health: 0/40       AC:  4    Str:  9    XL:     6   Next: 98%
Magic:  6/6        EV: 18    Int: 12    God:
Gold:   192        SH:  0    Dex: 18    Spells: 0 memorised, 5 levels left

rFire  . . .     SeeInvis .     a - +1 hand crossbow
rCold  . . .     Gourm    .     c - +0 leather armour
rNeg   . . .     Faith    .     (shield restricted)
rPois  .         Spirit   .     g - +0 helmet
rElec  .         Reflect  .     (no cloak)
rCorr  .         Harm     .     (no gloves)
MR     .....                    (no boots)
Stlth  ++........               (no amulet)
                                (no ring)
                                (no ring)

@: no status effects
A: carnivore 3
a: no special abilities


You were on level 4 of the Dungeon.
You were very full.

You visited 1 branch of the dungeon, and saw 4 of its levels.

You collected 192 gold pieces.

Inventory:

Hand Weapons
 a - a +1 hand crossbow (weapon)
 b - a +0 short sword
 e - a +2 mace of protection
 r - a +1 vampiric short sword
Missiles
 d - 17 bolts (quivered)
 j - 164 stones
 n - 60 arrows
 o - a throwing net
 s - 8 tomahawks
Armour
 c - a +0 leather armour (worn)
 g - a +0 helmet (worn)
Jewellery
 k - a +3 ring of protection {unknown}
 m - a cursed amulet of inaccuracy {unknown}
Wands
 x - a wand of digging (10/24)
Scrolls
 h - 4 scrolls of identify {unknown}
 i - a scroll of enchant weapon {unknown}
 q - 2 scrolls of teleportation {unknown}
 t - a scroll of enchant armour {unknown}
 u - a scroll of fog {unknown}
 v - a scroll of immolation {unknown}
Potions
 l - a potion of berserk rage
 p - 2 potions of heal wounds {unknown}
 w - a potion of cancellation {unknown}
Comestibles
 f - 2 meat rations


   Skills:
 - Level 5.0 Fighting
 - Level 5.0 Crossbows
 + Level 6.4 Dodging
 - Level 1.3 Stealth


You had 5 spell levels left.
You didn't know any spells.

Dungeon Overview and Level Annotations

Branches:
Dungeon (4/15)
 Temple: D:4-7

Altars:


Innate Abilities, Weirdness & Mutations

You are small and have problems with some larger weapons.
You are carnivorous and can eat meat at any time.


Message History

Press: ? - help, Shift-Dir - straight line, f/p - orc
Aim: an orc, wielding a hand axe You shoot a bolt.
The bolt barely misses the orc.
Something misses you. Something hits you but does no damage.
Firing (i - inventory. (,) - cycle):
d - 18 bolts (quivered)
Press: ? - help, Shift-Dir - straight line, f/p - orc
Aim: an orc, wielding a hand axe You shoot a bolt.
The bolt hits the orc but does no damage.
You hear some strange, mumbled words.
A puff of flame appears from out of thin air!
The puff of flame hits you!
* * * LOW HITPOINT WARNING * * *
An orc wizard appears from thin air!
Reactivating autopickup.
The orc wizard points at you and mumbles some strange words.
You resist with some effort. The orc wizard casts a spell at you.
The puff of flame hits you!
You die...

...... #.....#
l.....###.....#
....#........
..........#
..........####
....(....owo.#
############.#
#.# #######@#
#.......#
#.####### #.#
#.#######.#
#####.........#
..........######
#########.#
##### #.# #...#


You could see an orc wizard.

Vanquished Creatures
  Grinder (D:3)
  Jessica (D:3)
  Ijyb (D:3)
  3 adders
  2 oozes (D:1)
  2 worms
  3 dart slugs
  An orc (D:3)
  6 bats
  4 giant cockroaches
  9 goblins
  7 hobgoblins
  4 jackals (D:4)
  9 kobolds
  2 frilled lizards
  5 rats
60 creatures vanquished.

Vanquished Creatures (others)
  An orc wizard (D:4)
1 creature vanquished.

Grand Total: 61 creatures vanquished

Notes
Turn   | Place    | Note
-------+----------+-------------------------------------------
     0 | D:1      | Host24 the Kobold Hunter began the quest for the Orb.
     0 | D:1      | Reached XP level 1. HP: 12/12 MP: 1/1
   185 | D:1      | Reached XP level 2. HP: 17/18 MP: 2/2
   308 | D:1      | Reached skill level 3 in Dodging
   443 | D:1      | Reached skill level 5 in Crossbows
   443 | D:1      | Reached XP level 3. HP: 15/23 MP: 3/3
  1227 | D:2      | Reached XP level 4. HP: 8/29 MP: 4/4
  1705 | D:3      | Noticed Ijyb
  1721 | D:3      | Killed Ijyb
  1721 | D:3      | Reached XP level 5. HP: 31/34 MP: 5/5
  1771 | D:3      | Reached skill level 5 in Fighting
  1777 | D:3      | Noticed Jessica
  1784 | D:3      | Killed Jessica
  2159 | D:3      | Noticed Grinder
  2172 | D:3      | Killed Grinder
  2172 | D:3      | Reached skill level 6 in Dodging
  2172 | D:3      | Reached XP level 6. HP: 20/40 MP: 6/6
  2515 | D:4      | Killed from afar by an orc wizard

Skill      XL: |  1  2  3  4  5 |
---------------+----------------+-----
Fighting       | 3 4 5 |  5.0
Dodging        | 3 6 |  6.4
Crossbows      | 5 |  5.0
Stealth        | |  1.3

Action                   |  1- 3 |  4- 6 || total
-------------------------+-------+-------++-------
Melee: Short sword       |   117 |   156 ||   273
 Fire: Hand crossbow     |     5 |    15 ||    20
  Use: Potion            |     2 |       ||     2
 Stab: Sleeping          |       |     7 ||     7
  Eat: Chunk             |     9 |     8 ||    17
Armor: Leather armour    |    21 |    39 ||    60
Dodge: Dodged            |    88 |   148 ||   236
